 Dungeon Crawl Stone Soup version 0.21.0-3-g78d12a8 (webtiles) character file.

70 Haldmier the Slasher (level 4, -3/25 HPs)
             Began as a Deep Elf Warper on Jan 14, 2018.
             Killed by divine providence
             ... invoked by an orc priest
              (12 damage)
             ... on level 3 of the Dungeon.
             The game lasted 00:14:41 (3008 turns).

Haldmier the Slasher (Deep Elf Warper)              Turns: 3008, Time: 00:14:42

Health: -3/25      AC:  6    Str:  9    XL:     4   Next: 3%
Magic:  8/10       EV: 12    Int: 18    God:
Gold:   81         SH:  0    Dex: 14    Spells: 5/9 levels left

rFire    . . .     SeeInvis .   a - +1 dagger (speed)
rCold    . . .     Gourm    .   (no shield)
rNeg     . . .     Faith    .   r - +0 leather armour
rPois    .         Spirit   .   x - +0 helmet
rElec    .         Reflect  .   k - +0 cloak
rCorr    .         Harm     .   (no gloves)
MR       .....                  y - +0 pair of boots
Stlth    ++........             (no amulet)
HPRegen  0.08/turn              (no ring)
MPRegen  0.12/turn              (no ring)

@: shrouded
A: no striking features
a: no special abilities


You were on level 3 of the Dungeon.
You were not hungry.

You visited 1 branch of the dungeon, and saw 3 of its levels.

You collected 81 gold pieces.

Inventory:

Hand Weapons
 a - a +1 dagger of speed (weapon)
 b - a +0 hunting sling
 h - a +0 falchion
Missiles
 e - 5 tomahawks of dispersal
 g - 90 stones
 o - 7 tomahawks of returning (quivered)
 s - 21 sling bullets
Armour
 k - a +0 cloak (worn)
 r - a +0 leather armour (worn)
 x - a +0 helmet (worn)
 y - a +0 pair of boots (worn)
Jewellery
 n - a cursed -3 ring of evasion {unknown}
 t - an uncursed amulet of rage {unknown}
Scrolls
 d - a scroll of blinking
 i - 3 scrolls of identify {unknown}
 l - 3 scrolls of teleportation {unknown}
 m - a scroll of fear {unknown}
 q - a scroll of enchant armour {unknown}
 u - 2 scrolls of remove curse {unknown}
Potions
 j - 3 potions of curing {unknown}
 p - a potion of resistance {unknown}
 v - 3 potions of lignification {unknown}
Books
 c - a book of Spatial Translocations

   Spells                             Type                      Level
   a - Blink                          Translocation                2
   b - Shroud of Golubria             Charms/Translocation         2
   c - Lesser Beckoning               Translocation                3
   d - Gell's Gravitas                Translocation                3
   e - Teleport Other                 Translocation                3
   f - Passage of Golubria            Translocation                4
Comestibles
 f - 5 rations
 w - 7 chunks of flesh


   Skills:
 - Level 1.5 Fighting
 * Level 3.5 Long Blades
 - Level 1.0 Throwing
 - Level 0.7 Armour
 - Level 2.4 Dodging
 + Level 2.0 Stealth
 - Level 3.0 Spellcasting
 + Level 1.1 Charms
 - Level 3.2 Translocations


You had 5 spell levels left.
You knew the following spells:

 Your Spells              Type           Power        Failure   Level  Hunger
a - Shroud of Golubria    Chrm/Tloc      ##........   14%         2    ##.....
b - Blink                 Tloc           N/A          9%          2    ##.....


Dungeon Overview and Level Annotations

Branches:
Dungeon (3/15)

Altars:
Hepliaklqana

Annotations:
D:1 Terence


Message History

Beogh smites you!
Ouch! That really hurt!
The ball python bites you but does no damage.
The ball python constricts you.
You completely miss the ball python. You closely miss the ball python.
The ball python bites you but does no damage.
The ball python constricts you.
You barely miss the ball python.
The ball python bites you but does no damage.
The ball python constricts you.
You hit the ball python.
The ball python is severely wounded.
You hit the ball python.
You kill the ball python!
The orc priest barely misses you.
Your shroud bends the orc's attack away.
The orc priest calls down the wrath of Beogh upon you.
Beogh smites you!
You die...

#.#....# #.# #. #.#....# #.# #.
###############.#....###.######.
##.............รท.+...............
.....###########.#....###.#..o.##
..>..............'....+......o...
...).###########o#....###......##
.....##..).....oo#####..o......#
.....##.####....@....#.........#
.....##.# #.........#...#.....#
.....##.# #.........#.###..####
.....'..# #.........#.. .###
.....#### #.........#...# .....#
#.........#.. ######
#.........#... #.........#.
#######+###


You could see an orc priest and 2 orcs.

Vanquished Creatures
  An adder (D:3)
  3 worms (D:2)
  2 leopard geckos
  6 bats
  2 giant cockroaches (D:2)
  8 goblins
  5 hobgoblins
  5 jackals
  2 ball pythons
  A frilled lizard (D:2)
  6 kobolds
  5 rats
46 creatures vanquished.

Notes
Turn   | Place    | Note
-------+----------+-------------------------------------------
     0 | D:1      | Haldmier the Deep Elf Warper began the quest for the Orb.
     0 | D:1      | Reached XP level 1. HP: 12/12 MP: 6/6
   519 | D:1      | Reached XP level 2. HP: 12/16 MP: 8/8
   524 | D:1      | Learned a level 2 spell: Shroud of Golubria
   527 | D:1      | Learned a level 2 spell: Blink
  1326 | D:2      | Reached skill level 1 in Stealth
  1363 | D:2      | Found a hazy altar of Hepliaklqana.
  1438 | D:2      | Reached XP level 3. HP: 16/20 MP: 6/9
  1723 | D:2      | Noticed Terence
  2832 | D:3      | Reached skill level 1 in Charms
  2874 | D:3      | Reached XP level 4. HP: 22/25 MP: 8/10
  3008 | D:3      | Killed from afar by an orc priest

Skill      XL: |  1  2  3 |
---------------+----------+-----
Long Blades    | 2 3 |  3.5
Stealth        | 1 2 |  2.0
Charms         | 1 |  1.1
Fighting       | |  1.5
Throwing       | |  1.0
Armour         | |  0.7
Dodging        | |  2.4
Spellcasting   | |  3.0
Translocations | |  3.2

Action                   |  1- 3 |  4- 6 || total
-------------------------+-------+-------++-------
Melee: Dagger            |   186 |     9 ||   195
       Falchion          |     1 |       ||     1
 Fire: Hunting sling     |    52 |       ||    52
Throw: Stone             |    22 |       ||    22
       Tomahawk          |     3 |       ||     3
 Cast: Shroud of Golubri |    13 |     1 ||    14
 Stab: Sleeping          |     1 |       ||     1
  Eat: Chunk             |     6 |     1 ||     7
Armor: Leather armour    |    58 |     5 ||    63
Dodge: Dodged            |    92 |     5 ||    97
